 Dungeon Crawl Stone Soup version 0.17.0-15-g6d90897 (webtiles) character file.

25 dysrexia the Digger (level 2, 0/24 HPs)
             Began as a Troll Earth Elementalist on Nov 10, 2015.
             Slain by a gnoll
             ... wielding a +0 halberd
              (4 damage)
             ... on level 2 of the Dungeon.
             The game lasted 00:02:26 (667 turns).

dysrexia the Digger (Troll Earth Elementalist)       Turns: 667, Time: 00:02:27

Health: 0/24       AC:  8    Str: 15    XL:     2   Next: 86%
Magic:  2/2        EV:  9    Int: 11    God:
Gold:   2          SH:  0    Dex: 10    Spells: 1 memorised, 2 levels left

rFire  . . .     SeeInvis +       - Unarmed
rCold  . . .     Clarity  .     b - +0 robe
rNeg   . . .     SustAt   .     (no shield)
rPois  .         Gourm    +     (helmet restricted)
rElec  .         Spirit   .     (no cloak)
rCorr  .         Warding  .     (gloves unavailable)
rMut   .         Stasis   .     (boots unavailable)
MR     .....                    (no amulet)
Stlth  +.........               k - ring of see invisible
                                f - +3 ring of protection

@: not resistant to hostile enchantments, very unstealthy
A: unfitting armour, claws 3, fast metabolism 3, gourmand, regeneration 2,
shaggy fur 1, tough skin 2
a: no special abilities


You were on level 2 of the Dungeon.
You were completely stuffed.

You visited 1 branch of the dungeon, and saw 2 of its levels.

You collected 2 gold pieces.

Inventory:

Missiles
 a - 78 stones (quivered)
Armour
 b - a +0 robe (worn)
Jewellery
 f - a +3 ring of protection (left claw)
 k - a ring of see invisible (right claw)
Potions
 e - a potion of invisibility {unknown}
 j - a potion of haste {unknown}
 m - a potion of agility {unknown}
Books
 c - a book of Geomancy

   Spells                             Type                      Level
   a - Sandblast                      Earth                        1
   b - Stoneskin                      Transmutation/Earth          2
   c - Passwall                       Transmutation/Earth          3
   d - Stone Arrow                    Conjuration/Earth            3
   e - Petrify                        Transmutation/Earth          4
   f - Lee's Rapid Deconstruction     Earth                        5
Comestibles
 d - 3 bread rations
 g - a meat ration
 h - a chunk of flesh


   Skills:
 - Level 1.5 Dodging
 - Level 1.1 Stealth
 * Level 2.2 Unarmed Combat
 - Level 1.2 Spellcasting
   Level 0.6 Transmutations
 + Level 2.9 Earth Magic


You had 2 spell levels left.
You knew the following spells:

 Your Spells              Type           Power        Failure   Level  Hunger
a - Sandblast             Erth           #.....       12%         1    ##.....


Dungeon Overview and Level Annotations

Branches:
Dungeon (2/15)

Altars:


Innate Abilities, Weirdness & Mutations

You are too large for most types of armour.
You have claws for hands.
Your metabolism is lightning-fast.
You like to eat raw meat.
You heal very quickly.
You are covered in fur (AC +1).
You have very tough skin (AC +2).


Message History

The gnoll is heavily wounded.
The gnoll hits you with a club. The gnoll hits you with a halberd.
The gnoll closely misses you.
You scratch the gnoll.
The gnoll is severely wounded.
The gnoll hits you but does no damage.
You closely miss the gnoll.
The gnoll is severely wounded.
The gnoll hits you but does no damage. The gnoll hits you with a halberd.
The gnoll hits you but does no damage.
You barely miss the gnoll.
The gnoll is severely wounded.
The gnoll hits you. The gnoll barely misses you.
You closely miss the gnoll.
The gnoll is severely wounded.
The gnoll hits you but does no damage. The gnoll hits you with a club!
* * * LOW HITPOINT WARNING * * *
The gnoll hits you but does no damage.
The gnoll hits you from afar with a halberd.
You die...

#. #.#####
#.....#
#....>#
#..<..#
#.....#
#...†.#
#.....#
#.@..## #...g#
####g#
#............#
#......##.....
#....... ....
......### ...
...... ..
...... .


You could see 2 gnolls.

Vanquished Creatures
  An ooze (D:1)
  2 giant cockroaches
  2 goblins (D:1)
  3 hobgoblins (D:1)
  3 jackals (D:1)
  2 kobolds (D:1)
  2 ball pythons (D:1)
  A giant gecko (D:1)
  2 giant newts (D:1)
  3 rats (D:1)
21 creatures vanquished.

Notes
Turn   | Place    | Note
--------------------------------------------------------------
     0 | D:1      | dysrexia the Troll Earth Elementalist began the quest for the Orb.
     0 | D:1      | Reached XP level 1. HP: 16/16 MP: 1/1
    34 | D:1      | Reached skill level 1 in Unarmed Combat
   185 | D:1      | Reached XP level 2. HP: 12/24 MP: 2/2
   667 | D:2      | Slain by a gnoll

Action                   || total
-------------------------++-------
Melee: Unarmed           ||    80
  Use: Scroll            ||     2
  Eat: Chunk             ||    12
